 Dungeon Crawl Stone Soup version 0.24-a0-537-g2d01d4ab0a (webtiles) character file.

Game seed: 14637638270153068182

17 Mithandil the Skirmisher (level 2, 0/26 HPs)
             Began as a Ghoul Fighter on Aug 13, 2019.
             Slain by a worm (2 damage)
             ... on level 2 of the Dungeon.
             The game lasted 00:03:47 (936 turns).

Mithandil the Skirmisher (Ghoul Fighter)             Turns: 936, Time: 00:03:47

Health: 0/26       AC:  6    Str: 19    XL:     2   Next: 62%
Magic:  1/1        EV:  7    Int:  3    God:
Gold:   62         SH:  9    Dex:  8    Spells: 1/1 levels left

rFire    . . .     SeeInvis .   e - +0 short sword
rCold    + . .     Gourm    .   b - +1 shield
rNeg     + + +     Faith    .   a - +0 scale mail
rPois    ∞         Spirit   .   (no helmet)
rElec    .         Reflect  .   (no cloak)
rCorr    .         Harm     .   (no gloves)
MR       .....                  (no boots)
Stlth    ..........             (no amulet)
HPRegen  0.00/turn              (no ring)
MPRegen  0.07/turn              (no ring)

@: rotting
A: rotting body, claws 1, carnivore, cold resistance 1, negative energy
resistance 3, inhibited regeneration, torment resistance, unbreathing
a: no special abilities


You were on level 2 of the Dungeon.
You were not hungry.

You visited 1 branch of the dungeon, and saw 3 of its levels.

You collected 62 gold pieces.

Inventory:

Hand Weapons
 e - a +0 short sword (weapon)
Missiles
 g - 95 stones (quivered)
Armour
 a - a +0 scale mail (worn)
 b - a +1 shield (worn)
Scrolls
 i - a scroll of enchant armour
Potions
 c - a potion of might
 h - 2 potions of haste
 j - a potion of lignification {unknown}
Comestibles
 d - a ration
 f - 2 chunks of flesh


   Skills:
 + Level 3.4 Fighting
 * Level 0.7 Short Blades
 + Level 2.8 Armour
 + Level 0.4 Dodging
 * Level 3.0 Shields
 - Level 2.1 Unarmed Combat


You had one spell level left.
You didn't know any spells.
Your spell library was empty.

Dungeon Overview and Level Annotations

Branches:
Dungeon (3/15)

Altars:


Innate Abilities, Weirdness & Mutations

Your body is rotting away.
You thrive on raw meat.
You are immune to poison.
You have sharp fingernails.
You are carnivorous and can eat meat at any time.
Your flesh is cold resistant. (rC+)
You are immune to negative energy. (rN+++)
You do not regenerate when monsters are visible.
You are immune to unholy pain and torment.
You can survive without breathing.


Message History

The adder bites you. The adder bites you but does no damage.
The worm bites you.
* * * LOW HITPOINT WARNING * * *
You miss the adder.
The adder is heavily wounded.
The adder bites you but does no damage.
You hit the adder but do no damage.
The adder is heavily wounded.
The adder bites you but does no damage. The worm closely misses you.
You block the adder's attack.
Your shield and scale mail prevent you from hitting the adder.
The adder is heavily wounded.
The adder bites you.
* * * LOW HITPOINT WARNING * * *
The worm closely misses you.
You barely miss the adder.
The adder is heavily wounded.
The adder bites you but does no damage. You block the adder's attack.
The worm bites you.
You die...

###..#.#
##..#####........
#...#####...))..#......
###...# ##..#####...#..
#...# #..# #.####.
##..# ##.## .# #
#.÷##...# .# #.....#..
.# ...##...####.##
#....S@.......
#.###w=#...... #.
........... ..
######....>. . ......
....$ ... ( #..


You could see a worm and an adder.

Vanquished Creatures
  A dart slug (D:2)
  2 leopard geckos
  2 goblins
  2 hobgoblins (D:2)
  2 kobolds (D:1)
  2 bats (D:2)
  A rat (D:1)
12 creatures vanquished.

Notes
Turn   | Place    | Note
-------+----------+-------------------------------------------
     0 | D:1      | Mithandil the Ghoul Fighter began the quest for the Orb.
     0 | D:1      | Reached XP level 1. HP: 19/19 MP: 0/0
   267 | D:1      | Reached XP level 2. HP: 26/26 MP: 1/1
   936 | D:2      | Slain by a worm

Levels and vault maps discovered:
D:1:      minmay_arrival_up_and_down, layout_basic,
          chequers_serial_rivers_micro_e
D:2:      layout_rooms
D:3:      layout_basic, nicolae_qazlal_style_of_elements

Skill      XL: |  1  2 |
---------------+-------+-----
Shields        | 3 |  3.0
Fighting       | |  3.4
Short Blades   | |  0.7
Armour         | |  2.8
Dodging        | |  0.4
Unarmed Combat | |  2.1

Action                   || total
-------------------------++-------
Melee: Short sword       ||    54
       Unarmed           ||     1
  Use: Scroll            ||     3
       Potion            ||     2
  Eat: Chunk             ||     8
Armor: Scale mail        ||    29
Dodge: Dodged            ||    18
Block: Shield            ||    29

Table legend:
 A = Non-vault XP
 B = Vault XP
 C = Vault XP percentage of total XP
 D = Non-vault monster count
 E = Vault monster count
 F = Vault count percentage of total count
                 A         B        C        D         E       F
            +---------+---------+-------+---------+---------+-------
      Total |      25 |       0 |   0.0 |      12 |       0 |   0.0
            +---------+---------+-------+---------+---------+-------
        D:1 |      10 |       0 |   0.0 |       5 |       0 |   0.0
        D:2 |      13 |       0 |   0.0 |       6 |       0 |   0.0
        D:3 |       2 |       0 |   0.0 |       1 |       0 |   0.0
            +---------+---------+-------+---------+---------+-------
